 Dungeon Crawl Stone Soup version 0.28.0 (webtiles) character file.

Game seed: 9475781033582116477

193 ANNNA the Magician (level 5, -1/28 HPs)
             Began as a Deep Elf Venom Mage on Feb 18, 2022.
             Hit by a boomerang thrown by an orc (6 damage)
             ... on level 4 of the Dungeon.
             The game lasted 00:08:10 (3558 turns).

ANNNA the Magician (Deep Elf Venom Mage)            Turns: 3558, Time: 00:08:10

Health: -1/28      AC:  2    Str:  7    XL:     5   Next: 43%
Magic:  6/15       EV: 13    Int: 20    God:
Gold:   153        SH:  0    Dex: 15    Spells: 5/15 levels left

rFire   . . .      SeeInvis .   m - +0 short sword
rCold   . . .      Faith    .   (no shield)
rNeg    . . .      Spirit   .   a - +0 robe
rPois   .          Reflect  .   (no helmet)
rElec   .          Harm     .   (no cloak)
rCorr   .          Rampage  .   (no gloves)
Will    .....                   (no boots)
Stlth   ++........              (no amulet)
HPRegen 0.09/turn               (no ring)
MPRegen 0.14/turn               (no ring)

@: no status effects
A: no striking features
a: no special abilities


You were on level 4 of the Dungeon.
You visited 1 branch of the dungeon, and saw 4 of its levels.

You collected 153 gold pieces.

Inventory:

Hand Weapons
 m - a +0 short sword (weapon)
 n - the +11 hunting sling of the Bespelling Lamprey {vorpal, rPois Will+ Int+5 Dex-2}
   (You found it on level 3 of the Dungeon)

   Any ammunition fired from it inflicts extra damage upon your enemies.
   Int:       It affects your intelligence (+5).
   Dex:       It affects your dexterity (-2).
   rPois:     It protects you from poison.
   Will:      It increases your willpower.
Missiles
 e - 100 stones
 f - 6 poisoned darts
Armour
 a - a +0 robe (worn)
Jewellery
 o - the amulet "Myidas" {rF+ Regen+}
   (You found it on level 3 of the Dungeon)

   [amulet of regeneration]

   rF:        It protects you from fire.
   Regen:     It increases your rate of health regeneration.
Scrolls
 b - 2 scrolls of teleportation {unknown}
 d - a scroll of enchant weapon {unknown}
 h - a scroll of acquirement {unknown}
 i - 2 scrolls of identify {unknown}
 j - a scroll of immolation {unknown}
 l - 3 scrolls of brand weapon {unknown}
Potions
 c - a potion of heal wounds {unknown}
 g - 3 potions of flight {unknown}
 k - a potion of magic {unknown}
 p - a potion of ambrosia {unknown}
 q - a potion of might {unknown}
 r - 2 potions of curing {unknown}
 s - a potion of degeneration {unknown}
 t - a potion of resistance {unknown}


   Skills:
 + Level 0.5 Short Blades
 + Level 3.0 Dodging
 + Level 2.9 Stealth
 + Level 0.2 Unarmed Combat
 + Level 5.7 Spellcasting
 + Level 1.5 Transmutations
 + Level 1.2 Air Magic
 + Level 4.2 Poison Magic


You had 5 spell levels left.
You knew the following spells:

 Your Spells              Type           Power      Damage    Failure   Level
a - Sting                 Tmut/Pois      68%        1d6       3%          1
b - Poisonous Vapours     Pois/Air       32%        N/A       5%          2
c - Mephitic Cloud        Conj/Pois/Air  13%        N/A       16%         3
d - Olgreb's Toxic Radia  Pois           22%        N/A       19%         4

Your spell library contained the following spells:

 Spells                   Type           Power      Damage    Failure   Level


Dungeon Overview and Level Annotations

Branches:
Dungeon (4/15)
 Temple: D:4-7

Altars:


Message History

You feel a bit more experienced.
An orc comes into view. It is wielding a +0 flail.
Casting: Poisonous Vapours (safe; 5% risk of failure)
Confirm with . or Enter, or press ? or * to list all spells.
Aiming: Sting (safe; 3% risk of failure)
Press: ? - help, Shift-Dir - straight line, f - orc
Aim: an orc, wielding a +0 flail (74% to hit)
The sting hits the orc.
The orc is poisoned.
The orc is moderately wounded.
Casting: Sting (safe; 3% risk of failure)
Confirm with . or Enter, or press ? or * to list all spells.
Aiming: Sting (safe; 3% risk of failure)
Press: ? - help, Shift-Dir - straight line, f/p - orc
Aim: an orc, wielding a +0 flail (heavily wounded, poisoned, 74% to hit)
The sting hits the orc.
The orc looks even sicker.
The orc is severely wounded.
The orc hits you with a +0 flail!
* * * LOW HITPOINT WARNING * * *
Casting: Sting (safe; 3% risk of failure)
Confirm with . or Enter, or press ? or * to list all spells.
Aiming: Sting (safe; 3% risk of failure)
Press: ? - help, Shift-Dir - straight line, f/p - orc
Aim: an orc, wielding a +0 flail (severely wounded, very poisoned, 74% to hit)
The sting hits the orc.
The orc looks even sicker.
You kill the orc!
You start resting.
An orc comes into view. It is wielding a +0 club.
Casting: Sting (safe; 3% risk of failure)
Confirm with . or Enter, or press ? or * to list all spells.
Aiming: Poisonous Vapours (safe; 5% risk of failure)
Press: ? - help, Dir - move target, f - orc
Aim: an orc, wielding a +0 club and quivering boomerangs Poisonous vapours surround the orc!
The orc is poisoned.
Casting: Poisonous Vapours (safe; 5% risk of failure)
Confirm with . or Enter, or press ? or * to list all spells.
Aiming: Sting (safe; 3% risk of failure)
Press: ? - help, Shift-Dir - straight line, f/p - orc
Aim: an orc, wielding a +0 club and quivering boomerangs (lightly wounded, poisoned, 74% to hit)
The sting misses the orc.
The orc throws a boomerang.
The boomerang hits you.
You die...

....... #............#
....... #............#
.......####............#
.......................#
......#)...............+
..... #................#
.... ##########...#+###
..o ######.....# ..
#..@....#..# . .
#.......#..#
#.#####o......#..#
................#
#......######.# #......#
# ##..<### #.### #.


You could see an orc (poisoned).

Vanquished Creatures
  An orc priest (D:4)
  A hound skeleton (D:4)
  7 adders
  3 worms
  A dart slug (D:1)
  2 orcs
  12 bats
  5 endoplasms
  4 giant cockroaches
  4 goblins
  7 hobgoblins
  4 jackals (D:2)
  4 kobolds
  5 quokkas
  6 ball pythons
  4 frilled lizards
  A rat (D:3)
71 creatures vanquished.

Notes
Turn   | Place    | Note
-------+----------+-------------------------------------------
     0 | D:1      | ANNNA the Deep Elf Venom Mage began the quest for the Orb.
     0 | D:1      | Reached XP level 1. HP: 10/10 MP: 6/6
   408 | D:1      | Found a faded altar of an unknown god.
   444 | D:1      | Reached XP level 2. HP: 15/15 MP: 5/8
   923 | D:1      | Learned a level 2 spell: Poisonous Vapours
  1187 | D:1      | Reached XP level 3. HP: 18/19 MP: 5/10
  1191 | D:1      | Learned a level 3 spell: Mephitic Cloud
  1835 | D:2      | Reached skill level 4 in Spellcasting
  1835 | D:2      | Reached XP level 4. HP: 23/24 MP: 10/12
  2306 | D:3      | Reached skill level 1 in Air Magic
  2449 | D:3      | Identified the +11 hunting sling of the Bespelling Lamprey
                  | {vorpal, rPois Will+ Int+5 Dex-2}
  2848 | D:3      | Identified the amulet "Myidas" {rF+ Regen+}
  3181 | D:3      | Reached XP level 5. HP: 24/28 MP: 10/14
  3186 | D:3      | Learned a level 4 spell: Olgreb's Toxic Radiance
  3222 | D:3      | Reached skill level 5 in Spellcasting
  3558 | D:4      | Hit by a boomerang thrown by an orc

Illustrated notes

Levels and vault maps discovered:
D:1:      elethiomel_arrival_maze, layout_loops_ring,
          shapermc_ecumenical_altar_petra
D:2:      layout_loops_ring, minmay_strange_pillars, kennysheep_generic_room_7
D:3:      layout_loops_cross, minmay_circle_x
D:4:      layout_basic, gammafunk_temple_overflow_wave

Skill      XL: |  1  2  3  4  5 |
---------------+----------------+-----
Poison Magic   | 4 |  4.2
Dodging        | 3 |  3.0
Spellcasting   | 4 5 |  5.7
Air Magic      | 1 |  1.2
Short Blades   | |  0.5
Stealth        | |  2.9
Unarmed Combat | |  0.2
Transmutations | |  1.5

Action                   |  1- 3 |  4- 6 || total
-------------------------+-------+-------++-------
Melee: Unarmed           |    15 |       ||    15
       Short sword       |     2 |    17 ||    19
       Punch             |       |     1 ||     1
Throw: Stone             |     1 |     1 ||     2
 Cast: Sting             |    57 |    52 ||   109
       Poisonous Vapours |    12 |    24 ||    36
       Mephitic Cloud    |     1 |     1 ||     2
 Stab: Sleeping          |       |     1 ||     1
Armor: Robe              |    12 |     5 ||    17
Dodge: Dodged            |    42 |    15 ||    57
